 Dungeon Crawl Stone Soup version 0.26-a0-651-gb41185065b (webtiles) character file.

Game seed: 2914092841666545801

(classic levelgen) 109 EnegeticOcto the Sneak (level 4, -10/40 HPs)
             Began as a Deep Dwarf Delver on Oct 23, 2020.
             Mangled by an ogre
             ... wielding a +0 giant club
              (19 damage)
             ... on level 5 of the Dungeon.
             The game lasted 00:00:40 (98 turns).

EnegeticOcto the Sneak (Deep Dwarf Delver)            Turns: 98, Time: 00:00:41

Health: -10/40     AC:  3    Str: 16    XL:     4   Next: 59%
Magic:  3/3        EV: 12    Int: 11    God:
Gold:   0          SH:  0    Dex: 14    Spells: 3/3 levels left

rFire    . . .     SeeInvis .   a - +0 hand axe
rCold    . . .     Faith    .   (no shield)
rNeg     . . .     Spirit   .   b - +0 leather armour
rPois    .         Reflect  .   (no helmet)
rElec    .         Harm     .   (no cloak)
rCorr    .         Rampage  .   (no gloves)
MR       .....                  (no boots)
Stlth    +++.......             (no amulet)
HPRegen  0.00/turn              (no ring)
MPRegen  0.08/turn              (no ring)

@: lethally poisoned (-10 -> -10), non-regenerating
A: damage resistance, heal wounds, sense surroundings 1, no regeneration
a: Heal Wounds


You were on level 5 of the Dungeon.
You visited 1 branch of the dungeon, and saw 3 of its levels.

Inventory:

Hand Weapons
 a - a +0 hand axe (weapon)
Armour
 b - a +0 leather armour (worn)
Wands
 g - a wand of digging (3) {@v3}
Scrolls
 c - a scroll of fog
 e - a scroll of fear
 i - 2 scrolls of remove curse {unknown}
Potions
 f - a potion of haste {@q4}
 h - a potion of might {unknown}


   Skills:
 - Level 2.6 Fighting
 + Level 5.4 Axes
 - Level 2.1 Dodging
 - Level 6.0 Stealth


You had 3 spell levels left.
You didn't know any spells.
Your spell library was empty.

Dungeon Overview and Level Annotations

Branches:
Dungeon (5/15)
 Temple: D:4-7

Altars:

Annotations:
D:4 3 runed translucent doors, Finra's ghost, amateur SpEE


Innate Abilities, Weirdness & Mutations

You are resistant to damage.
You can heal yourself by infusing magical energy.
You passively map a small area around you.
You do not regenerate.


Message History

You are too injured to fight recklessly!
You are too injured to fight recklessly!
You are too injured to fight recklessly!
You are too injured to fight recklessly!
You are too injured to fight recklessly!
You are too injured to fight recklessly!
You are too injured to fight recklessly!
You are too injured to fight recklessly!
You feel much better.
You feel very sick.
The water moccasin bites you but does no damage.
The water moccasin bites you.
You hit the water moccasin.
The water moccasin is almost dead.
You feel very sick. The water moccasin bites you.
You are more poisoned.
The water moccasin poisons you!
You hit the water moccasin.
The water moccasin is almost dead.
* * * LOW HITPOINT WARNING * * *
You feel very sick. The water moccasin bites you.
The water moccasin closely misses you.
You are too injured to fight recklessly!
You are too injured to fight recklessly!
You are too injured to fight recklessly!
You are too injured to fight recklessly!
You are too injured to fight recklessly!
You are too injured to fight recklessly!
You are too injured to fight recklessly!
You are too injured to fight recklessly!
You are too injured to fight recklessly!
You are too injured to fight recklessly!
You are too injured to fight recklessly!
You are too injured to fight recklessly!
You are too injured to fight recklessly!
You are too injured to fight recklessly!
You are too injured to fight recklessly!
You feel much better.
You feel very sick. The water moccasin closely misses you.
You hit the water moccasin.
The water moccasin is almost dead.
You feel very sick. The water moccasin bites you.
You are more poisoned.
The water moccasin poisons you! The water moccasin closely misses you.
You hit the water moccasin.
You kill the water moccasin!
Your Axes skill gained 3 levels and is now at level 5!
You have reached level 2!
You have reached level 3!
Your experience leads to an increase in your attributes!
Increase (s)trength, (i)ntelligence, or (d)exterity?
You feel clever.
You have reached level 4!
You feel stronger.
You feel very sick.
Your magical essence is drained by the effort!
You feel much better.
You feel very sick.
You feel very sick.
You feel very sick.
The ogre shouts!
Found a stone staircase leading down.
You see here a scroll labeled UKIBIVU TUVEKH.
i - 2 scrolls labeled UKIBIVU TUVEKH (gained 1)
You feel very sick.
You feel very sick.
Found a mace.
You feel very sick. The ogre hits you with a +0 giant club.
You fail to use your ability.
You feel sick. The ogre closely misses you.
You are too injured to fight recklessly!
You are too injured to fight recklessly!
You are too injured to fight recklessly!
You hit the ogre.
The ogre is lightly wounded.
You feel sick.
You feel much better.
You feel very sick. The ogre misses you.
You barely miss the ogre.
The ogre is lightly wounded.
You feel sick. The ogre barely misses you.
You hit the ogre.
The ogre is moderately wounded.
You feel sick. The ogre hits you with a +0 giant club!
You hit the ogre but do no damage.
The ogre is moderately wounded.
The ogre barely misses you.
You fail to use your ability.
You hit the ogre.
The ogre is heavily wounded.
The ogre hits you with a +0 giant club.
* * * LOW HITPOINT WARNING * * *
You closely miss the ogre.
The ogre is heavily wounded.
The ogre hits you with a +0 giant club!!
You die...

...................... ,
.............?.......>
*,
..[...............[..###
.....^............$....
* .....................#
##..##.....(.........##
#...........†........#.
,
#......................
#...........#..@O......,
#......................
#..<...##.).####.....).
#......###### *#...... ,
#.......# #.....
#######.# **####. *... ,
, , ####


You could see an ogre.

Vanquished Creatures
  A water moccasin (D:5)
  An orc (D:4)
2 creatures vanquished.

Notes
Turn   | Place    | Note
-------+----------+-------------------------------------------
     0 | D:5      | EnegeticOcto the Deep Dwarf Delver began the quest for the
                  | Orb.
     0 | D:5      | Reached XP level 1. HP: 20/20 MP: 1/1
    16 | D:4      | Found a runed translucent gate.
    29 | D:4      | Found a runed translucent gate.
    30 | D:4      | Found a runed translucent gate.
    32 | D:4      | Noticed Finra's ghost (amateur SpEE)
    60 | D:5      | Noticed a water moccasin
    63 | D:5      | Noticed an ogre
    83 | D:5      | Killed a water moccasin
    83 | D:5      | Reached skill level 5 in Axes
    83 | D:5      | Reached XP level 2. HP: 13/27 MP: 2/2
    83 | D:5      | Reached XP level 3. HP: 16/33 MP: 3/3
    83 | D:5      | Reached XP level 4. HP: 20/40 MP: 4/4
    98 | D:5      | Mangled by an ogre

Illustrated notes

Levels and vault maps discovered:
D:3:      layout_basic, minitemple, old_standard_altar,
          kennysheep_generic_room_15
D:4:      layout_loops_ring, overflow_temple_1_default, ashenzari_altar_1,
          gammafunk_ghost_necromancy
D:5:      layout_rooms

Skill      XL: |  1 |
---------------+----+-----
Axes           | 5 |  5.4
Fighting       | |  2.6
Dodging        | |  2.1
Stealth        | |  6.0

Action                   |  1- 3 |  4- 6 || total
-------------------------+-------+-------++-------
Melee: Hand axe          |    18 |     6 ||    24
 Abil: Heal Wounds       |     5 |     2 ||     7
  Use: Scroll            |     1 |       ||     1
Armor: Leather armour    |     2 |       ||     2
Dodge: Dodged            |    13 |     4 ||    17

Table legend: (Time is in decaauts)
 A = Elapsed time spent in this place.
 B = Non-inter-level travel time spent in this place.
 C = Inter-level travel time spent in this place.
 D = Time resting spent in this place.
 E = Time spent auto-exploring this place.
 F = Levels seen in this place.
 G = Mean time per level.
                   A        B        C        D        E       F      G
               +--------+--------+--------+--------+--------+-----+--------+
         Total |    102 |    102 |      0 |      0 |      0 |   3 |   34.0 |
       Dungeon |    102 |    102 |      0 |      0 |      0 |   3 |   34.0 |
               +--------+--------+--------+--------+--------+-----+--------+

Top non-repeatable levels by time:
     D:5: 58 daAuts
     D:4: 35 daAuts
     D:3: 8 daAuts
